 Dungeon Crawl Stone Soup version 0.29-a0-551-gffc1d7fb78 (webtiles) character file.

Game seed: 9507454426681390466

1713 oldriver the Cleaver (level 8, -12/69 HPs)
             Began as a Palentonga Delver on June 5, 2022.
             Was a Follower of Okawaru.
             Mangled by an ogre
             ... wielding a +0 giant spiked club
              (19 damage)
             ... on level 6 of the Dungeon.
             The game lasted 00:07:17 (6795 turns).

oldriver the Cleaver (Palentonga Delver)            Turns: 6795, Time: 00:07:18

Health: -12/69     AC:  2    Str: 18    XL:     8   Next: 74%
Magic:  0/10       EV: 10    Int: 10    God:    Okawaru [*.....]
Gold:   241        SH:  0    Dex: 12    Spells: 7/7 levels left

rFire   . . .      SeeInvis +   a - +0 hand axe
rCold   . . .      Faith    .   (no shield)
rNeg    . . .      Spirit   +   m - +1 animal skin
rPois   .          Reflect  .   n - +0 helmet
rElec   .          Harm     .   (no cloak)
rCorr   .          Rampage  .   f - +0 pair of gloves
Will    .....                   (no barding)
Stlth   ++........              s - amulet of guardian spirit
HPRegen 0.21/turn               (no ring)
MPRegen 0.12/turn               (no ring)

@: corroded, curled up
A: large, rugged brown scales 3, see invisible, deformed body, roll 1, armoured
tail, reflexive curl
a: Rolling Charge, Renounce Religion, Heroism


You were on level 6 of the Dungeon.
You worshipped Okawaru.
Okawaru was aware of your devotion.
You visited 1 branch of the dungeon, and saw 6 of its levels.

You collected 241 gold pieces.

Inventory:

Hand Weapons
 a - a +0 hand axe (weapon)
Missiles
 c - 11 poisoned darts
 w - 2 throwing nets
Armour
 f - a +0 pair of gloves (worn)
 m - a +1 animal skin (worn)
 n - a +0 helmet (worn)
Jewellery
 s - an amulet of guardian spirit (around neck)
Wands
 g - a wand of digging (6)
 o - a wand of polymorph (10)
Scrolls
 b - a scroll of silence {unknown}
 d - a scroll of magic mapping
 h - 2 scrolls of identify
 i - 4 scrolls of noise
 l - 6 scrolls of fear
 r - a scroll of fog
 x - 2 scrolls of teleportation
 y - a scroll of enchant weapon {unknown}
Potions
 e - 3 potions of flight
 j - a potion of resistance
 k - a potion of cancellation
 p - 2 potions of haste
 q - 2 potions of mutation
 t - a potion of magic
 u - a potion of invisibility
 v - 4 potions of curing


   Skills:
 + Level 6.9 Fighting
 * Level 9.1 Axes
 - Level 1.5 Dodging
 - Level 3.3 Stealth
 + Level 3.1 Invocations


You had 7 spell levels left.
You didn't know any spells.
Your spell library contained the following spells:

 Spells                   Type           Power      Damage    Failure   Level
 Dazzling Flash           Conj/Hex       0%         N/A       75%         3
 Portal Projectile        Hex/Tloc       0%         N/A       75%         3
 Iskenderun's Mystic Bla  Conj/Tloc      0%         2d3       98%         4
 Leda's Liquefaction      Hex/Erth       0%         N/A       98%         4
 Starburst                Conj/Fire      0%         6d3       100%        6
 Summon Small Mammal      Summ           Unusable   N/A       N/A         1
 Call Canine Familiar     Summ           Unusable   N/A       N/A         3
 Summon Guardian Golem    Hex/Summ       Unusable   N/A       N/A         3

Dungeon Overview and Level Annotations

Branches:
Dungeon (6/15)
 Temple: D:4-7

Altars:
Cheibriados
Okawaru
Sif Muna
Wu Jian

Shops:
D:5 !


Innate Abilities, Weirdness & Mutations

You are completely covered in rugged brown scales. (AC +3, +7% HP)
You have supernaturally acute eyesight. (SInv)
Armour fits poorly on your strangely shaped body.
You can roll at nearby foes to attack.
You have a long armoured tail.
You curl defensively after being hit. (AC +7*)


Message History

The jelly is severely wounded.
The jelly barely misses you.
You hit the jelly.
Your hands burn!
You tail-slap the jelly, but do no damage.
The jelly is almost dead.
The jelly hits you. The acid corrodes you!
You are splashed with acid!
You hit the jelly but do no damage.
Your hands burn!
You tail-slap the jelly.
You kill the jelly!
Okawaru accepts your kill.
An ogre comes into view. It is wielding a +0 giant spiked club.
An ogre is nearby!
You hit the ogre but do no damage. The ogre barely misses you.
You hit the ogre but do no damage. You tail-slap the ogre.
The ogre is lightly wounded.
You barely miss the ogre.
You tail-slap the ogre, but do no damage.
You punch the ogre, but do no damage.
The ogre is lightly wounded.
The ogre hits you with a +0 giant spiked club!!
You hit the ogre but do no damage.
You tail-slap the ogre, but do no damage.
The ogre is lightly wounded.
You hit the ogre but do no damage.
The ogre is lightly wounded.
The ogre hits you with a +0 giant spiked club!!
* * * LOW HITPOINT WARNING * * *
You hit the ogre but do no damage.
The ogre is lightly wounded.
The ogre misses you.
You hit the ogre but do no damage.
The ogre is lightly wounded.
You hit the ogre.
The ogre is moderately wounded.
The ogre barely misses you.
You hit the ogre but do no damage.
The ogre is moderately wounded.
You barely miss the ogre. You tail-slap the ogre.
The ogre is moderately wounded.
The ogre hits you with a +0 giant spiked club!!
You die...

# #.#
########
...
........
#.#
###.....
#.#
######
#.# #.#
#O####
#@...#
####.#
#.# #.#
#.# #.#
#.# #.#
#########
#.#
#≈≈≈≈≈≈≈#


You could see an ogre.

Vanquished Creatures
  A water moccasin (D:6)
  2 orc warriors
  A black bear (D:6)
  An ice beast (D:6)
  A sky beast (D:6)
  2 phantoms (D:4)
  A bullfrog (D:6)
  4 scorpions
  2 necrophages
  A howler monkey (D:3)
  2 hounds (D:6)
  4 jellies
  An orc priest (D:5)
  Jessica (D:2)
  Natasha (thrice) (D:3)
  Robin (D:2)
  9 adders
  2 white imps
  An ufetubus (D:4)
  2 worms (D:2)
  6 dart slugs
  7 orcs
  7 bats
  4 endoplasms
  13 giant cockroaches
  6 hobgoblins
  5 quokkas
  4 ball pythons
  5 frilled lizards
  15 goblins
  6 kobolds
  8 rats
  A spectral goblin (D:1)
129 creatures vanquished.

Notes
Turn   | Place    | Note
-------+----------+-------------------------------------------
     0 | D:5      | oldriver the Palentonga Delver began the quest for the Orb.
     0 | D:5      | Reached XP level 1. HP: 19/19 MP: 1/1
     2 | D:5      | Found a shimmering blue altar of Sif Muna.
    63 | D:5      | Reached XP level 2. HP: 25/25 MP: 2/2
   110 | D:5      | Found Hotuqaku's Distillery.
   161 | D:4      | Noticed a howler monkey
   179 | D:3      | Killed a howler monkey
   180 | D:3      | Reached skill level 3 in Axes
   180 | D:3      | Reached XP level 3. HP: 21/31 MP: 3/3
   206 | D:3      | Reached XP level 4. HP: 8/39 MP: 4/4
   231 | D:3      | Noticed Natasha
   662 | D:1      | Found a faded altar of an unknown god.
   794 | D:1      | Reached skill level 4 in Axes
  2114 | D:2      | Noticed Jessica
  2123 | D:2      | Killed Jessica
  2124 | D:2      | Reached XP level 5. HP: 44/44 MP: 5/5
  2231 | D:2      | Noticed Robin
  2351 | D:2      | Killed Robin
  2756 | D:2      | Reached skill level 5 in Axes
  2842 | D:3      | Killed Natasha
  3061 | D:3      | Noticed Natasha
  3064 | D:3      | Killed Natasha
  3065 | D:3      | Reached XP level 6. HP: 52/52 MP: 6/6
  3111 | D:3      | Noticed Natasha
  3122 | D:3      | Killed Natasha
  3407 | D:3      | Found a snail-covered altar of Cheibriados.
  3731 | D:4      | Reached skill level 6 in Axes
  3926 | D:4      | Reached skill level 5 in Fighting
  4138 | D:4      | Gained mutation: You curl defensively after being hit. (AC
                  | +7*) [Palentonga growth]
  4138 | D:4      | Reached XP level 7. HP: 45/59 MP: 5/7
  5145 | D:5      | Reached skill level 7 in Axes
  5704 | D:6      | Found an ornate altar of the Wu Jian Council.
  5824 | D:6      | Found an iron altar of Okawaru.
  5843 | D:6      | Reached XP level 8. HP: 64/68 MP: 6/8
  5843 | D:6      | Became a worshipper of Warmaster Okawaru
  5895 | D:6      | Reached skill level 8 in Axes
  5979 | D:6      | Reached skill level 1 in Invocations
  6338 | D:6      | Reached * piety under Okawaru
  6383 | D:6      | Reached skill level 9 in Axes
  6795 | D:6      | Mangled by an ogre

Illustrated notes

Levels and vault maps discovered:
D:1:      dpeg_arrival_castle, layout_basic,
          dreamdust_ecumenical_altar_drowned_temple, hangedman_glass_teeth,
          minmay_door_square
D:2:      layout_basic, uniq_robin, uniq_jessica
D:3:      wad_pebble_path, layout_rooms, chei_slow_surprise, uniq_natasha
D:4:      layout_loops_cross, portal_sewer_entry_f
D:5:      layout_basic, kennysheep_mini, serial_shops, shop
D:6:      minmay_angry_zag, layout_loops_ring, okawaru_ov_weapons_minmay,
          nzn_wu_jian_contemplation

Skill      XL: |  1  2  3  4  5  6  7  8 |
---------------+-------------------------+-----
Axes           | 3 4 5 6 7 9 |  9.1
Fighting       | 4 5 6 |  6.9
Invocations    | 3 |  3.1
Dodging        | |  1.5
Stealth        | |  3.3

Action                   |  1- 3 |  4- 6 |  7- 9 || total
-------------------------+-------+-------+-------++-------
Melee: Hand axe          |    36 |   312 |   177 ||   525
       Tailslap          |     2 |    30 |    29 ||    61
       Punch             |       |     2 |     5 ||     7
Throw: Dart              |       |     3 |       ||     3
 Abil: Rolling Charge    |     4 |    51 |    18 ||    73
  Use: Scroll            |     1 |     6 |     8 ||    15
       Potion            |     1 |       |     5 ||     6
 Stab: Distracted        |       |     1 |       ||     1
Armor: Leather armour    |    10 |    67 |       ||    77
       Animal skin       |       |    72 |    53 ||   125
Dodge: Dodged            |    14 |   122 |    87 ||   223

Table legend: (Time is in decaauts)
 A = Elapsed time spent in this place.
 B = Non-inter-level travel time spent in this place.
 C = Inter-level travel time spent in this place.
 D = Time resting spent in this place.
 E = Time spent auto-exploring this place.
 F = Levels seen in this place.
 G = Mean time per level.
                   A        B        C        D        E       F      G
               +--------+--------+--------+--------+--------+-----+--------+
         Total |   6816 |   6693 |    123 |   1419 |   4142 |   6 | 1136.0 |
       Dungeon |   6816 |   6693 |    123 |   1419 |   4142 |   6 | 1136.0 |
               +--------+--------+--------+--------+--------+-----+--------+

Top non-repeatable levels by time:
     D:1: 1501 daAuts
     D:2: 1266 daAuts
     D:6: 1203 daAuts
     D:5: 1098 daAuts
     D:4: 989 daAuts
     D:3: 757 daAuts
